MLB
SAN FRANCISCO GIANTS @ ARIZONA DIAMONDBACKS
10/01/2098
 
TOP OF THE 1ST
San Francisco Giants batting - Pitching for Arizona Diamondbacks : LHP Rafael Estrada
Pitching: LHP Rafael Estrada
Batting: RHB Erik Mulloy 0-0: Swinging Strike
0-1: Called Strike
0-2: Strikes out swinging
Batting: RHB Dave Melton 0-0: Called Strike
0-1: Ball
1-1: Fly out, F3 (Popup, 34, EV 73.1 MPH)
Batting: LHB Daniel Cipolla 0-0: Ball
1-0: Called Strike
1-1: Ground out 6-3 (Groundball, 6, EV 107.5 MPH)
Top of the 1st over - 0 runs, 0 hits, 0 errors, 0 left on base; San Francisco 0 - Arizona 0
BOTTOM OF THE 1ST
Arizona Diamondbacks batting - Pitching for San Francisco Giants : RHP Chris Martin
Pitching: RHP Chris Martin
Batting: LHB Travis Lawlor 0-0: Fly out, F8 (Flyball, 78M, EV 90.6 MPH)
Batting: SHB Jose Medina 0-0: Ball
1-0: DOUBLE (Line Drive, 9LS, EV 97.5 MPH)
Batting: LHB Mike Tinder 0-0: Called Strike
0-1: Ball
1-1: Ball
2-1: Swinging Strike
2-2: Ball
3-2: Strikes out looking
Batting: LHB Mario Valdez 0-0: Fly out, F7 (Flyball, 7, EV 82.5 MPH)
Bottom of the 1st over - 0 runs, 1 hit, 0 errors, 1 left on base; San Francisco 0 - Arizona 0
TOP OF THE 2ND
San Francisco Giants batting - Pitching for Arizona Diamondbacks : LHP Rafael Estrada
Batting: RHB Masataka Kato 0-0: SINGLE (Line Drive, 8RS, EV 84.4 MPH)
Batting: RHB David Bishop 0-0: Fly out, F9 (Flyball, 89XD, EV 105.6 MPH)
Batting: RHB Danny Bute 0-0: Ball
1-0: Ball
2-0: Ball
3-0: Called Strike
3-1: Base on Balls
Masataka Kato to second
Batting: RHB Greg Schaefer 0-0: Swinging Strike
0-1: Foul Ball, location: 3SF
0-2: Strikes out looking
Batting: RHB Kevin Mosemann 0-0: Ball
1-0: Ball
2-0: Called Strike
2-1: Foul Ball, location: 5F
2-2: Foul Ball, location: 2F
2-2: Strikes out swinging
Top of the 2nd over - 0 runs, 1 hit, 0 errors, 2 left on base; San Francisco 0 - Arizona 0
BOTTOM OF THE 2ND
Arizona Diamondbacks batting - Pitching for San Francisco Giants : RHP Chris Martin
Batting: SHB Macario Castro 0-0: Foul Ball, location: 9LSF
0-1: Ball
1-1: Foul Ball, location: 25F
1-2: Fly out, F8 (Flyball, 8RD, EV 110.0 MPH)
Batting: RHB Jesse Cavallaro 0-0: Foul Ball, location: 9LMF
0-1: Swinging Strike
0-2: Ball
1-2: Ball
2-2: Fly out, F4 (Popup, 4D, EV 46.9 MPH)
Batting: RHB Kevin Delmotte 0-0: Foul Ball, location: 5FF
0-1: Fly out, F9 (Line Drive, 9S, EV 87.5 MPH)
Bottom of the 2nd over - 0 runs, 0 hits, 0 errors, 0 left on base; San Francisco 0 - Arizona 0
TOP OF THE 3RD
San Francisco Giants batting - Pitching for Arizona Diamondbacks : LHP Rafael Estrada
Batting: RHB Ben Presley 0-0: Ball
1-0: Ball
2-0: Foul Ball, location: 2RF
2-1: Ball
3-1: Swinging Strike
3-2: Foul Ball, location: 2RF
3-2: Strikes out swinging
Batting: RHB Erik Mulloy 0-0: Called Strike
0-1: Foul Ball, location: 7LDF
0-2: Strikes out swinging
Batting: RHB Dave Melton 0-0: Bunted foul
0-1: Ball
1-1: SINGLE (Groundball, 6M, EV 102.5 MPH) (infield hit)
Batting: LHB Daniel Cipolla 0-0: Fly out, F4 (Popup, 4MD, EV 43.8 MPH)
Top of the 3rd over - 0 runs, 1 hit, 0 errors, 1 left on base; San Francisco 0 - Arizona 0
BOTTOM OF THE 3RD
Arizona Diamondbacks batting - Pitching for San Francisco Giants : RHP Chris Martin
Batting: RHB Gabe Bankole 0-0: Ball
1-0: Fly out, F8 (Flyball, 8LD, EV 85.0 MPH)
Batting: RHB Shawn Lindsey 0-0: Ball
1-0: Swinging Strike
1-1: Ball
2-1: Ground out 6-3 (Groundball, 6, EV 90.0 MPH)
Batting: LHB Travis Lawlor 0-0: Foul Ball, location: 7LMF
0-1: Called Strike
0-2: Fly out, F9 (Flyball, 9LM, EV 108.1 MPH)
Bottom of the 3rd over - 0 runs, 0 hits, 0 errors, 0 left on base; San Francisco 0 - Arizona 0
TOP OF THE 4TH
San Francisco Giants batting - Pitching for Arizona Diamondbacks : LHP Rafael Estrada
Batting: RHB Masataka Kato 0-0: Called Strike
0-1: Fly out, F8 (Flyball, 8RM, EV 89.4 MPH)
Batting: RHB David Bishop 0-0: Called Strike
0-1: DOUBLE (Flyball, 78XD, EV 98.1 MPH)
Batting: RHB Danny Bute 0-0: Ball
1-0: Ball
2-0: Ball
3-0: Called Strike
3-1: Base on Balls
Batting: RHB Greg Schaefer 0-0: Called Strike
0-1: Ball
1-1: Ball
2-1: Ball
3-1: Fielders Choice at 2nd, 4-6 (Groundball, 4, EV 78.8 MPH)
David Bishop to third
Batting: RHB Kevin Mosemann 0-0: Called Strike
0-1: Foul Ball, location: 25FF
0-2: Foul Ball, location: 23F
0-2: Ball
1-2: Fielders Choice at 2nd, 5-4 (Groundball, 56, EV 103.8 MPH)
Top of the 4th over - 0 runs, 1 hit, 0 errors, 2 left on base; San Francisco 0 - Arizona 0
BOTTOM OF THE 4TH
Arizona Diamondbacks batting - Pitching for San Francisco Giants : RHP Chris Martin
Batting: SHB Jose Medina 0-0: Foul Ball, location: 25F
0-1: Foul Ball, location: 7LSF
0-2: Ball
1-2: Strikes out swinging
Batting: LHB Mike Tinder 0-0: Ball
1-0: Fly out, F8 (Flyball, 8LXD, EV 110.0 MPH)
Batting: LHB Mario Valdez 0-0: Ball
1-0: Fly out, F8 (Flyball, 8LM, EV 95.0 MPH)
Bottom of the 4th over - 0 runs, 0 hits, 0 errors, 0 left on base; San Francisco 0 - Arizona 0
TOP OF THE 5TH
San Francisco Giants batting - Pitching for Arizona Diamondbacks : LHP Rafael Estrada
Batting: RHB Ben Presley 0-0: Ball
1-0: Ground out 6-3 (Groundball, 6, EV 83.1 MPH)
Batting: RHB Erik Mulloy 0-0: Called Strike
0-1: Foul Ball, location: 5F
0-2: DOUBLE (Line Drive, 9LS, EV 89.4 MPH)
Batting: RHB Dave Melton 0-0: DOUBLE (Flyball, 8RXD, EV 109.4 MPH)
Erik Mulloy scores
Batting: LHB Daniel Cipolla 0-0: Called Strike
0-1: Called Strike
0-2: Foul Ball, location: 5SF
0-2: Ball
1-2: Ball
2-2: Foul Ball, location: 2F
2-2: Foul Ball, location: 7LDF
2-2: Strikes out swinging
Batting: RHB Masataka Kato 0-0: Ground out 6-3 (Groundball, 6, EV 82.5 MPH)
Top of the 5th over - 1 run, 2 hits, 0 errors, 1 left on base; San Francisco 1 - Arizona 0
BOTTOM OF THE 5TH
Arizona Diamondbacks batting - Pitching for San Francisco Giants : RHP Chris Martin
Batting: SHB Macario Castro 0-0: Called Strike
0-1: Foul Ball, location: 23FF
0-2: Ball
1-2: Fly out, F5 (Popup, 5SF, EV 75.0 MPH)
Batting: RHB Jesse Cavallaro 0-0: Ball
1-0: Foul Ball, location: 9LMF
1-1: Swinging Strike
1-2: Ball
2-2: SINGLE (Line Drive, 78S, EV 105.0 MPH)
Batting: RHB Kevin Delmotte Pickoff Throw to First - Out! 1-3 CS
0-0: Called Strike
0-1: Foul Ball, location: 2F
0-2: Ball
1-2: Ball
2-2: Foul Ball, location: 25F
2-2: Ball
3-2: Fly out, F8 (Line Drive, 8RD, EV 96.3 MPH)
Bottom of the 5th over - 0 runs, 1 hit, 0 errors, 0 left on base; San Francisco 1 - Arizona 0
TOP OF THE 6TH
San Francisco Giants batting - Pitching for Arizona Diamondbacks : LHP Rafael Estrada
Batting: RHB David Bishop 0-0: Ball
1-0: Ball
2-0: Ball
3-0: Called Strike
3-1: Called Strike
3-2: SOLO HOME RUN (Flyball, 9D, EV 98.1 MPH), Distance : 373 ft
Batting: RHB Danny Bute 0-0: Ball
1-0: Ball
2-0: Ball
3-0: Called Strike
3-1: Base on Balls
Batting: RHB Greg Schaefer 0-0: Ball
1-0: Ball
2-0: Ball
3-0: Foul Ball, location: 2F
3-1: Reached on error, E6 (Groundball, 6, EV 84.4 MPH)
Danny Bute to second
Batting: RHB Kevin Mosemann 0-0: Ball
1-0: Called Strike
1-1: Fly out, F8 (Flyball, 89M, EV 94.4 MPH)
Batting: RHB Ben Presley 0-0: Ball
1-0: Foul Ball, location: 9LDF
1-1: Ball
2-1: Fly out, F4 (Popup, 4, EV 75.6 MPH)
Batting: RHB Erik Mulloy 0-0: Ball
1-0: Swinging Strike
1-1: Foul Ball, location: 2RF
1-2: Foul Ball, location: 3FF
1-2: Strikes out swinging
Top of the 6th over - 1 run, 1 hit, 1 error, 2 left on base; San Francisco 2 - Arizona 0
BOTTOM OF THE 6TH
Arizona Diamondbacks batting - Pitching for San Francisco Giants : RHP Chris Martin
Batting: RHB Gabe Bankole 0-0: Called Strike
0-1: Ball
1-1: Called Strike
1-2: Ground out 4-3 (Groundball, 4, EV 90.0 MPH)
Batting: RHB Shawn Lindsey 0-0: Called Strike
0-1: Called Strike
0-2: Ball
1-2: Foul Ball, location: 5SF
1-2: Ground out 6-3 (Groundball, 56, EV 104.4 MPH)
Batting: LHB Travis Lawlor 0-0: Called Strike
0-1: Ball
1-1: Called Strike
1-2: Strikes out swinging
Bottom of the 6th over - 0 runs, 0 hits, 0 errors, 0 left on base; San Francisco 2 - Arizona 0
TOP OF THE 7TH
San Francisco Giants batting - Pitching for Arizona Diamondbacks : LHP Rafael Estrada
Batting: RHB Dave Melton 0-0: Ball
1-0: Foul Ball, location: 9LDF
1-1: Foul Ball, location: 2F
1-2: Ground out 3-1 (Groundball, 34S, EV 90.0 MPH)
Batting: LHB Daniel Cipolla 0-0: Ball
1-0: Foul Ball, location: 2F
1-1: Foul Ball, location: 2F
1-2: Ball
2-2: Ball
3-2: Foul Ball, location: 2F
3-2: Foul Ball, location: 7LSF
3-2: Foul Ball, location: 2F
3-2: Base on Balls
Pitching: LHP Nehemiah Tatum
Batting: RHB Masataka Kato 0-0: Called Strike
0-1: Ball
1-1: Ball
2-1: DOUBLE (Flyball, 89XD, EV 101.3 MPH)
Daniel Cipolla to third
Runner from 3rd tries for Home, SAFE, no throw by RF
Batting: RHB David Bishop 0-0: Ball
1-0: Ground out 6-3 (Groundball, 6M, EV 106.3 MPH)
Masataka Kato to third
Batting: RHB Danny Bute 0-0: Foul Ball, location: 2F
0-1: Called Strike
0-2: Strikes out swinging
Top of the 7th over - 1 run, 1 hit, 0 errors, 1 left on base; San Francisco 3 - Arizona 0
BOTTOM OF THE 7TH
Arizona Diamondbacks batting - Pitching for San Francisco Giants : RHP Chris Martin
Now in LF: Dave Melton
Now in CF: Carlos Lopez
Batting: SHB Jose Medina 0-0: Ball
1-0: Swinging Strike
1-1: Called Strike
1-2: Strikes out looking
Batting: LHB Mike Tinder 0-0: Swinging Strike
0-1: Ball
1-1: Fly out, F7 (Flyball, 7D, EV 98.8 MPH)
Batting: LHB Mario Valdez 0-0: Ball
1-0: Called Strike
1-1: Ball
2-1: Foul Ball, location: 2F
2-2: Ball
3-2: SOLO HOME RUN (Flyball, 89XD, EV 103.1 MPH), Distance : 402 ft
Batting: SHB Macario Castro 0-0: Fly out, F8 (Flyball, 8LM, EV 80.6 MPH)
Bottom of the 7th over - 1 run, 1 hit, 0 errors, 0 left on base; San Francisco 3 - Arizona 1
TOP OF THE 8TH
San Francisco Giants batting - Pitching for Arizona Diamondbacks : LHP Nehemiah Tatum
Batting: RHB Greg Schaefer 0-0: Called Strike
0-1: Ball
1-1: Called Strike
1-2: Strikes out swinging
Batting: RHB Kevin Mosemann 0-0: Called Strike
0-1: Ball
1-1: Called Strike
1-2: Foul Ball, location: 2F
1-2: SOLO HOME RUN (Flyball, 9D, EV 98.8 MPH), Distance : 378 ft
Batting: RHB Ben Presley 0-0: Foul Ball, location: 5F
0-1: Ball
1-1: Ball
2-1: Foul Ball, location: 23F
2-2: Ball
3-2: Strikes out swinging, 2-3 out at first.
Batting: RHB Erik Mulloy 0-0: Called Strike
0-1: Foul Ball, location: 5FF
0-2: Ball
1-2: Strikes out swinging
Top of the 8th over - 1 run, 1 hit, 0 errors, 0 left on base; San Francisco 4 - Arizona 1
BOTTOM OF THE 8TH
Arizona Diamondbacks batting - Pitching for San Francisco Giants : RHP Chris Martin
Pitching: RHP Drew Goodwin
Batting: RHB Jesse Cavallaro 0-0: Foul Ball, location: 25FF
0-1: Ball
1-1: Foul Ball, location: 2F
1-2: Strikes out swinging
Pinch Hitting: LHB Tim Cooke 0-0: Called Strike
0-1: Ball
1-1: Ball
2-1: Foul Ball, location: 7LDF
2-2: Fly out, F8 (Flyball, 8RM, EV 91.9 MPH)
Batting: RHB Gabe Bankole 0-0: Called Strike
0-1: Ball
1-1: Called Strike
1-2: Fly out, F6 (Popup, 6M, EV 53.8 MPH)
Bottom of the 8th over - 0 runs, 0 hits, 0 errors, 0 left on base; San Francisco 4 - Arizona 1
TOP OF THE 9TH
San Francisco Giants batting - Pitching for Arizona Diamondbacks : LHP Nehemiah Tatum
Pitching: LHP Kenny Bollinger
Now at 1B: Tim Cooke
Now at 3B: Macario Castro
Batting: RHB Dave Melton 0-0: Ball
1-0: Foul Ball, location: 9LDF
1-1: Ground out 6-3 (Groundball, 56, EV 99.4 MPH)
Batting: LHB Daniel Cipolla 0-0: Called Strike
0-1: Ball
1-1: Foul Ball, location: 2F
1-2: Fly out, F6 (Popup, 6M, EV 62.5 MPH)
Batting: RHB Masataka Kato 0-0: Ball
1-0: Called Strike
1-1: Ball
2-1: Fly out, F5 (Popup, 25F, EV 78.8 MPH)
Top of the 9th over - 0 runs, 0 hits, 0 errors, 0 left on base; San Francisco 4 - Arizona 1
BOTTOM OF THE 9TH
Arizona Diamondbacks batting - Pitching for San Francisco Giants : RHP Drew Goodwin
Pitching: LHP Alexis Mendoza
Batting: RHB Shawn Lindsey 0-0: Ball
1-0: Ground out 4-3 (Groundball, 4M, EV 98.1 MPH)
Pinch Hitting: RHB Jason Moberg 0-0: Called Strike
0-1: Swinging Strike
0-2: Ball
1-2: Ball
2-2: Strikes out swinging
Batting: SHB Jose Medina 0-0: Fly out, F8 (Flyball, 8RD, EV 84.4 MPH)
Bottom of the 9th over - 0 runs, 0 hits, 0 errors, 0 left on base; San Francisco 4 - Arizona 1
Tuesday, April 16th , 2024 - OOTP Baseball 24.11 Build 85